 Dungeon Crawl Stone Soup version 0.29-a0-892-g2c4c91d9db (webtiles) character file.

Game seed: 11364543556072086568

647 doricub5 the Cruncher (level 7, -3/79 HPs)
             Began as a Gnoll Wanderer on July 22, 2022.
             Was a Follower of Okawaru.
             Slain by an orc warrior
             ... wielding a +0 scimitar
              (10 damage)
             ... on level 5 of the Dungeon.
             The game lasted 00:22:10 (4169 turns).

doricub5 the Cruncher (Gnoll Wanderer)              Turns: 4169, Time: 00:22:10

Health: -3/79      AC: 23    Str: 12    XL:     7   Next: 52%
Magic:  9/9        EV:  2    Int:  8    God:    Okawaru [*.....]
Gold:   255        SH:  0    Dex: 16    Spells: 11/11 levels left

rFire   . . .      SeeInvis .   a - +0 quarterstaff
rCold   . . .      Faith    .   (shield currently unavailable)
rNeg    . . .      Spirit   .   (body armour currently unavailable)
rPois   +          Reflect  .   (helmet currently unavailable)
rElec   .          Harm     .   (cloak currently unavailable)
rCorr   .          Rampage  .   (gloves currently unavailable)
Will    .....      NoTele   +   (boots currently unavailable)
Stlth   +++.......              (no amulet)
HPRegen 0.23/turn               (no ring)
MPRegen 0.11/turn               (no ring)

@: tree-form (expiring)
A: stationary, stasis, torment immunity, boosted hp, (fangs 1), strong nose,
distributed training, low MP 1, sense surroundings 1, MP-powered wands
a: Renounce Religion, Heroism


You were on level 5 of the Dungeon.
You worshipped Okawaru.
Okawaru was aware of your devotion.
You were a tree.
You visited 2 branches of the dungeon, and saw 6 of its levels.

You collected 255 gold pieces.

Inventory:

Hand Weapons
 a - a +0 quarterstaff (weapon)
 h - a +2 dagger of protection
Armour
 c - a +0 pair of boots (melded)
 j - a +2 helmet (melded)
 p - a +0 cloak (melded)
 q - the +0 scale mail of the Lobster (melded) {+Blink rPois Str+3 Dex+2}
   (You found it on level 3 of the Dungeon)

   Str:       It affects your strength (+3).
   Dex:       It affects your dexterity (+2).
   rPois:     It protects you from poison.
   +Blink:    It lets you blink.
Scrolls
 b - 3 scrolls of fear
 e - a scroll of poison {unknown}
 k - 2 scrolls of teleportation
 l - a scroll of blinking
 n - a scroll of summoning {unknown}
 s - a scroll of silence
 u - a scroll of fog {unknown}
 v - a scroll of amnesia {unknown}
Potions
 d - 2 potions of attraction
 f - a potion of cancellation
 g - a potion of might {unknown}
 m - a potion of haste {unknown}
 o - 3 potions of curing


   Skills:
 + Level 3.7 Fighting
 + Level 2.6 Short Blades
 + Level 2.6 Long Blades
 + Level 2.6 Axes
 + Level 2.6 Maces & Flails
 + Level 2.6 Polearms
 + Level 9.0 Staves
 + Level 2.6 Ranged Weapons
 + Level 2.6 Throwing
 + Level 2.6 Armour
 + Level 2.6 Dodging
 + Level 5.0 Stealth
 + Level 2.6 Shields
 + Level 7.1 Unarmed Combat
 + Level 2.6 Spellcasting
 + Level 2.1 Conjurations
 + Level 2.1 Hexes
 + Level 2.1 Summonings
 + Level 2.1 Necromancy
 + Level 2.1 Translocations
 + Level 2.1 Transmutations
 + Level 2.1 Fire Magic
 + Level 2.1 Ice Magic
 + Level 2.1 Air Magic
 + Level 2.1 Earth Magic
 + Level 2.1 Poison Magic
 + Level 2.9 Invocations
 + Level 2.6 Evocations


You had 11 spell levels left.
You didn't know any spells.
Your spell library contained the following spells:

 Spells                   Type           Power      Damage    Failure   Level
 Foxfire                  Conj/Fire      16%        2x1d4     14%         1
 Blink                    Tloc           8%         N/A       22%         2
 Conjure Flame            Conj/Fire      4%         6-21      38%         3
 Inner Flame              Hex/Fire       4%         N/A       38%         3
 Lesser Beckoning         Tloc           4%         N/A       38%         3
 Flame Wave               Conj/Fire      4%         2d5       80%         4
 Manifold Assault         Tloc           4%         N/A       98%         5


Dungeon Overview and Level Annotations

Branches:
Dungeon (5/15)             Temple (1/1) D:4

Altars:
Dithmenos
Elyvilon
Fedhas
Gozag
Hepliaklqana
Makhleb
Okawaru
Qazlal
Sif Muna
Trog
Uskayaw
Xom
Yredelemnul
The Shining One

Annotations:
D:3 3 runed translucent doors GHOSTS!, BeAPotato's ghost, amateur GrEE; mathmaestro's ghost, weakling DsNe; zeratav's ghost, amateur OpVM


Innate Abilities, Weirdness & Mutations

You are a tree.
Your roots penetrate the ground, keeping you stationary.
You cannot be teleported.
You are immune to unholy pain and torment.
Your maximum health is greatly increased.
Your equipment is partially melded.
((You have very sharp teeth.))
Your uncanny sense of smell can sniff out nearby items.
Your experience applies equally to all skills.
Your magical capacity is low. (-10% MP)
You passively map a small area around you.
You expend magic power (3 MP) to strengthen your wands.


Message History

* * * LOW HITPOINT WARNING * * *
You completely miss the orc warrior.
The orc warrior is severely wounded.
The orc warrior hits you but does no damage.
You hit the orc warrior but do no damage.
The orc warrior is severely wounded.
The orc warrior hits you with a +0 scimitar.
* * * LOW HITPOINT WARNING * * *
You barely miss the orc warrior.
The orc warrior is heavily wounded.
You hit the orc warrior but do no damage.
The orc warrior is heavily wounded.
The orc warrior hits you with a +0 scimitar.
* * * LOW HITPOINT WARNING * * *
You hit the orc warrior but do no damage.
The orc warrior is heavily wounded.
The orc warrior hits you but does no damage.
You hit the orc warrior but do no damage.
The orc warrior is heavily wounded.
The orc warrior hits you but does no damage.
You hit the orc warrior but do no damage.
The orc warrior is heavily wounded.
The orc warrior hits you with a +0 scimitar.
* * * LOW HITPOINT WARNING * * *
You barely miss the orc warrior.
The orc warrior is heavily wounded.
The orc warrior hits you but does no damage.
You closely miss the orc warrior.
The orc warrior is heavily wounded.
The orc warrior hits you but does no damage.
You hit the orc warrior but do no damage.
The orc warrior is heavily wounded.
The orc warrior barely misses you.
You hit the orc warrior.
The orc warrior is heavily wounded.
Your transformation is almost over.
You sock the orc warrior!
The orc warrior is almost dead.
The orc warrior hits you with a +0 scimitar!
You die...

#.# #....(...........# #.#
#.######.........### #####.###
#.# #..#####..#..
........######.######..# ###..#.#
#####..............##..# #.......
####...###.###.###.##..# #.#..#.#
.......# #.# #†# #.##..# #.#..#.#
####...# #.# #o###.##..###.#..#(#
#####...,..# #oo♣)...>........#..
........#### #####.#######.######
#####.### #.# #........# ##+##
#.# #.###.##.## ##...## #.# #.#
#.....# ##.....## ####.# #.#
####..# ##.......## ##.##.#
#.######..#
#.........####...#.###...<.....##
'.........'......................


You could see an orc warrior and 2 orcs.

Vanquished Creatures
  An ice beast (D:5)
  A black bear (D:5)
  An ogre (D:5)
  A howler monkey (D:5)
  2 hounds
  An orc priest (D:5)
  2 iguanas
  An orc wizard (D:5)
  5 adders
  An ufetubus (D:5)
  2 worms (D:2)
  3 dart slugs
  17 orcs
  8 ball pythons
  5 bats
  2 endoplasms
  19 giant cockroaches
  8 goblins
  5 hobgoblins
  4 jackals (D:5)
  5 kobolds
  4 quokkas
  2 frilled lizards
  3 rats (D:2)
103 creatures vanquished.

Vanquished Creatures (others)
  3 withered plants (D:3)
3 creatures vanquished.

Grand Total: 106 creatures vanquished

Notes
Turn   | Place    | Note
-------+----------+-------------------------------------------
     0 | D:1      | doricub5 the Gnoll Wanderer began the quest for the Orb.
     0 | D:1      | doricub5 set off with the following items: a +0
                  | quarterstaff, 2 scrolls of fear, a +0 pair of boots, a
                  | potion of attraction, a +0 leather armour.
     0 | D:1      | Reached XP level 1. HP: 17/17 MP: 1/1
    62 | D:1      | Reached XP level 2. HP: 20/23 MP: 2/2
   544 | D:1      | Reached XP level 3. HP: 27/28 MP: 3/3
   813 | D:2      | Reached skill level 1 in Invocations
   966 | D:2      | Reached skill level 1 in Short Blades
   966 | D:2      | Reached skill level 1 in Long Blades
   966 | D:2      | Reached skill level 1 in Axes
   966 | D:2      | Reached skill level 1 in Maces & Flails
   966 | D:2      | Reached skill level 1 in Polearms
   966 | D:2      | Reached skill level 1 in Ranged Weapons
   966 | D:2      | Reached skill level 1 in Throwing
   966 | D:2      | Reached skill level 1 in Armour
   966 | D:2      | Reached skill level 1 in Dodging
   966 | D:2      | Reached skill level 1 in Shields
   966 | D:2      | Reached skill level 1 in Spellcasting
   966 | D:2      | Reached skill level 1 in Evocations
  1019 | D:2      | Reached XP level 4. HP: 26/34 MP: 5/5
  1633 | D:2      | Reached skill level 1 in Conjurations
  1633 | D:2      | Reached skill level 1 in Hexes
  1633 | D:2      | Reached skill level 1 in Summonings
  1633 | D:2      | Reached skill level 1 in Necromancy
  1633 | D:2      | Reached skill level 1 in Translocations
  1633 | D:2      | Reached skill level 1 in Transmutations
  1633 | D:2      | Reached skill level 1 in Fire Magic
  1633 | D:2      | Reached skill level 1 in Ice Magic
  1633 | D:2      | Reached skill level 1 in Air Magic
  1633 | D:2      | Reached skill level 1 in Earth Magic
  1633 | D:2      | Reached skill level 1 in Poison Magic
  1928 | D:3      | Identified the +0 scale mail of the Lobster {+Blink rPois
                  | Str+3 Dex+2}
  2252 | D:3      | Found a faded altar of an unknown god.
  2429 | D:3      | Gained mutation: You expend magic power (3 MP) to
                  | strengthen your wands. [potion of mutation]
  2429 | D:3      | Gained mutation: Your magical capacity is low. (-10% MP)
                  | [potion of mutation]
  2429 | D:3      | Gained mutation: You passively map a small area around you.
                  | [potion of mutation]
  2533 | D:3      | Found a runed translucent gate.
  2533 | D:3      | Found a runed translucent gate.
  2534 | D:3      | Found a runed translucent gate.
  2535 | D:3      | Noticed mathmaestro's ghost (weakling DsNe)
  2536 | D:3      | Noticed zeratav's ghost (amateur OpVM)
  2536 | D:3      | Noticed BeAPotato's ghost (amateur GrEE)
  2591 | D:4      | You fall into a shaft and drop 1 floor!
  2591 | D:5      | Entered Level 5 of the Dungeon
  2605 | D:5      | Reached XP level 5. HP: 40/40 MP: 6/6
  2629 | D:5      | Noticed an ogre
  2634 | D:5      | Killed an ogre
  2635 | D:5      | Reached XP level 6. HP: 47/47 MP: 0/7
  2712 | D:5      | Noticed an orc warrior
  3009 | D:4      | Found a hide-covered altar of Uskayaw.
  3120 | D:4      | Found a shimmering blue altar of Sif Muna.
  3252 | D:4      | Found a staircase to the Ecumenical Temple.
  3260 | Temple   | Entered the Ecumenical Temple
  3428 | Temple   | Became a worshipper of Warmaster Okawaru
  3662 | D:4      | Found a shimmering altar of Xom.
  3675 | D:4      | Found a shimmering altar of Xom.
  3932 | D:5      | Noticed a black bear
  3944 | D:5      | Killed a black bear
  3945 | D:5      | Reached XP level 7. HP: 45/52 MP: 9/9
  4015 | D:5      | Reached * piety under Okawaru
  4123 | D:5      | Reached skill level 9 in Staves
  4123 | D:5      | Reached skill level 5 in Stealth
  4169 | D:5      | Slain by an orc warrior

Illustrated notes

Levels and vault maps discovered:
D:1:      dpeg_arrival_tiny_j, layout_loops_cross, serial_bayou_lagoon_a
D:2:      minmay_roachtagon, layout_basic, minivault_4
D:3:      layout_loops_ring, gammafunk_ghost_cemetery, serial_undead,
          serial_undead_e, serial_undead_c, serial_undead_f, serial_undead_b,
          nicolae_ecumenical_oubliette, chequers_decorated_corner,
          minmay_misc_feat_alley
D:4:      layout_rooms, led_sif_book, nicolae_uskayaw_murder_on_the_dancefloor,
          xom_redecorated, minmay_temple_entry_wispy
D:5:      layout_loops_corners, mainiacjoe_overflow_alcove_2, serial_shops,
          nicolae_lakefront_shop
Temple:   nicolae_temple_figure_eight

Skill      XL: |  1  2  3  4  5  6  7 |
---------------+----------------------+-----
Invocations    | 1 2 |  2.9
Short Blades   | 1 2 |  2.6
Long Blades    | 1 2 |  2.6
Axes           | 1 2 |  2.6
Maces & Flails | 1 2 |  2.6
Polearms       | 1 2 |  2.6
Ranged Weapons | 1 2 |  2.6
Throwing       | 1 2 |  2.6
Armour         | 1 2 |  2.6
Dodging        | 1 2 |  2.6
Shields        | 1 2 |  2.6
Spellcasting   | 1 2 |  2.6
Evocations     | 1 2 |  2.6
Conjurations   | 1 2 |  2.1
Hexes          | 1 2 |  2.1
Summonings     | 1 2 |  2.1
Necromancy     | 1 2 |  2.1
Translocations | 1 2 |  2.1
Transmutations | 1 2 |  2.1
Fire Magic     | 1 2 |  2.1
Ice Magic      | 1 2 |  2.1
Air Magic      | 1 2 |  2.1
Earth Magic    | 1 2 |  2.1
Poison Magic   | 1 2 |  2.1
Fighting       | 3 |  3.7
Unarmed Combat | 7 |  7.1
Staves         | 9 |  9.0
Stealth        | 5 |  5.0

Action                   |  1- 3 |  4- 6 |  7- 9 || total
-------------------------+-------+-------+-------++-------
Melee: Quarterstaff      |    17 |   166 |    79 ||   262
       Bite              |    12 |    21 |     3 ||    36
       Dagger            |    92 |    16 |       ||   108
       Falchion          |     1 |       |       ||     1
       Punch             |     1 |     2 |       ||     3
       Trident           |       |    21 |       ||    21
Evoke: Wand              |       |     4 |       ||     4
  Use: Scroll            |       |     8 |     1 ||     9
       Potion            |       |     1 |     1 ||     2
 Stab: Sleeping          |     1 |     4 |       ||     5
Armor: Ring mail         |    52 |    15 |       ||    67
       Chain mail        |       |    47 |       ||    47
       Scale mail        |       |    54 |    56 ||   110
       Skin              |       |       |    10 ||    10
Dodge: Dodged            |    64 |    85 |    36 ||   185

Table legend: (Time is in decaauts)
 A = Elapsed time spent in this place.
 B = Non-inter-level travel time spent in this place.
 C = Inter-level travel time spent in this place.
 D = Time resting spent in this place.
 E = Time spent auto-exploring this place.
 F = Levels seen in this place.
 G = Mean time per level.
                   A        B        C        D        E       F      G
               +--------+--------+--------+--------+--------+-----+--------+
         Total |   4138 |   4098 |     40 |    302 |   2762 |   6 |  689.7 |
       Dungeon |   3930 |   3929 |      1 |    302 |   2604 |   5 |  786.0 |
        Temple |    207 |    168 |     39 |      0 |    158 |   1 |  207.0 |
               +--------+--------+--------+--------+--------+-----+--------+

Top non-repeatable levels by time:
     D:1: 969 daAuts
     D:2: 941 daAuts
     D:4: 743 daAuts
     D:3: 665 daAuts
     D:5: 611 daAuts
  Temple: 207 daAuts
